Map: Newkirk Precinct TE (Void)

Players

Fimp - Winner!

  • Race: Terran Terran
  • Spawn Location: 5:00

dallaskuken

  • Race: Protoss Protoss
  • League: Platinum
  • Spawn Location: 7:00

VOD

Have the link to the VOD?

Description

Time

  • Played on: April 12, 2017, 4:17 p.m.
  • Length: 18:53
Show
View Real Time Build Order
Export as new Build Order

Fimp Terran - Winner!

Build Orders: Reaper Expand, MMM Bio 

Get SALT Encoding   

  12  0:01  SCV  
  13  0:13  SCV  
  14  0:19  Supply Depot  
  14  0:25  SCV  
  15  0:40  SCV  
  16  0:42  Barracks  
  16  0:47  Refinery  
  16  0:52  SCV  
  17  1:04  SCV  
  18  1:16  SCV  
  19  1:29  Orbital Command  
  19  1:30  Reaper  
  20  1:47  Command Center  
  20  1:57  Supply Depot  
  20  1:58  SCV  
  21  2:10  Barracks Reactor  
  21  2:19  Barracks  
  21  2:23  SCV  
  21  2:29  Barracks  
  22  2:39  SCV  
  23  2:49  Bunker, Engineering Bay  
  23  2:50  Marine x2  
  25  3:01  SCV  
  25  3:02  Orbital Command  
  25  3:11  Marine x2  
  25  3:12  Barracks Tech Lab  
  27  3:16  SCV  
  27  3:19  Missile Turret  
  28  3:24  Missile Turret  
  28  3:27  Marine  
  28  3:31  Marine x2  
  31  3:37  Stimpack  
  31  3:40  Marine  
  32  3:51  Marine  
  32  3:52  Marine  
  32  3:53  Marine  
  35  3:59  Marauder, Supply Depot  
  35  4:01  SCV  
  38  4:09  Terran Infantry Weapons Level 1  
  38  4:11  SCV  
  38  4:14  Marine  
  40  4:18  Marine x2  
  40  4:20  SCV  
  40  4:23  Marauder  
  45  4:27  SCV  
  46  4:32  Factory  
  46  4:34  Marine  
  46  4:36  SCV  
  48  4:40  SCV  
  48  4:42  Marine  
  48  4:44  Marauder, Marine  
  53  4:54  Marine  
  54  5:00  Supply Depot x2  
  54  5:18  Supply Depot  
  54  5:21  SCV, Marine x3  
  54  5:22  Marauder, SCV  
  61  5:35  Starport, Factory Reactor  
  61  5:37  SCV x2  
  63  5:44  Marine  
  63  5:45  Marauder  
  63  5:46  Marine  
  63  5:47  Marine  
  68  5:52  Refinery  
  68  5:53  Command Center  
  68  5:55  SCV  
  68  5:56  Refinery  
  67  6:06  Terran Infantry Armor Level 1  
  67  6:09  SCV x2  
  67  6:10  Refinery  
  69  6:13  Marine  
  69  6:14  Marine x3  
  61  6:35  Marauder, Marine x3  
  58  6:53  Marine  
  58  6:54  Marine x2  
  58  6:56  Marauder  
  59  7:05  Barracks x2  
  59  7:13  Orbital Command  
  59  7:16  Marine x2  
  59  7:17  Marine  
  62  7:32  Marauder, Combat Shields  
  64  7:39  Engineering Bay  
  64  7:41  SCV x3  
  64  7:42  Armory  
  67  7:47  Marine x2  
  67  7:48  Marine  
  70  7:53  Marauder, Barracks Reactor  
  70  7:55  Barracks Tech Lab  
  72  8:03  Medivac x2  
  72  8:05  Widow Mine, Marine x3  
  76  8:07  SCV x3  
  84  8:13  Supply Depot  
  77  8:33  Marine x3  
  82  8:34  Marauder x2, Marine x2  
  84  8:41  Medivac  
  84  8:42  Widow Mine  
  88  8:50  Marine  
  88  8:51  Marine  
  94  8:55  Marauder x2  
  94  9:00  SCV x3  
  97  9:12  SCV  
  97  9:15  Marine  
  97  9:16  Marine x2  
  101  9:25  Supply Depot x2  
  101  9:35  Supply Depot  
  101  9:46  Widow Mine, Marine x4, Medivac x2  
  101  9:47  Marauder, SCV x3  
  116  9:54  Marauder  
  116  9:59  SCV  
  103  10:09  Marauder  
  103  10:10  Marine x5  
  110  10:15  Marine  
  110  10:16  SCV x2  
  110  10:17  SCV  
  114  10:22  Terran Infantry Weapons Level 2  
  114  10:25  Terran Infantry Armor Level 2  
  114  10:27  Marine x2  
  114  10:28  Marine x2  
  118  10:31  Marauder, Command Center  
  118  10:33  Marauder  
  122  10:46  Concussive Shells  
  122  10:47  Marine x3  
  125  10:53  Supply Depot  
  125  10:54  Supply Depot  
  125  11:01  Supply Depot  
  125  11:15  Marine x2  
  127  11:28  Marauder x2, Marine x3  
  127  11:32  Marine x2  
  134  11:35  SCV x3  
  139  11:46  Marine  
  139  11:47  SCV x3  
  139  11:49  Marauder  
  143  11:59  SCV  
  128  12:31  Marauder x2  
  128  12:32  Marine x5  
  128  12:33  Widow Mine  
  128  12:34  Medivac x2  
  108  12:47  Terran Infantry Weapons Level 3  
  108  12:49  Marine  
  108  12:50  Marine x2, Terran Infantry Armor Level 3  
  101  12:52  Barracks Reactor  
  101  12:53  Marauder x2  
  97  13:01  Widow Mine  
  97  13:04  Medivac  
  97  13:06  Marine  
  97  13:07  Marine  
  95  13:30  Widow Mine, Orbital Command  
  97  13:35  SCV x3  
  97  13:37  Marine x3, Command Center  
  97  13:38  Marine x4  
  97  13:40  Marauder  
  109  13:41  Barracks  
  109  13:42  Medivac x2  
  109  13:43  Barracks x2  
  97  13:55  Marine x4  
  95  13:56  Marine x2  
  95  13:57  Marauder  
  95  13:58  Widow Mine  
  95  14:01  Marauder  
  105  14:18  Marauder  
  86  15:01  Marine x6  
  86  15:02  Marine x5  
  93  15:10  SCV x4  
  96  15:15  Orbital Command  
  96  15:19  Marine x8, Medivac x2  
  96  15:20  Marine  
  96  15:21  Widow Mine  
  109  15:22  SCV x2  
  113  15:39  Marauder x2  
  113  15:40  Marine x9  
  126  15:47  SCV x4  
  126  15:49  Widow Mine  
  132  15:57  Marine  
  132  15:58  Marine x5, Medivac x2  
  132  16:00  Marauder x2  
  149  16:07  Barracks Reactor, Barracks Tech Lab  
  149  16:08  Barracks Reactor  
  146  16:15  Marine x2  
  146  16:16  Marine  
  149  16:31  Marauder x3, Marine x3  
  151  16:33  Marine x2, Medivac x2  
  151  16:34  Widow Mine, Marine  
  157  16:49  Terran Vehicle And Ship Armor Level 1, Marine  
  158  17:01  Marauder x3  
  164  17:02  Marine x2  
  164  17:03  Marine x5  
  171  17:11  Supply Depot x2  
  171  17:13  Supply Depot x2  
  171  17:26  Refinery  
  171  17:28  Refinery  
  171  17:33  Marauder x2, Marine x8, Medivac x2  
  171  17:34  Marine x2  
  171  17:35  Marauder  
  191  17:42  Command Center  
  191  17:46  Liberator  
  191  17:50  Marine  
  181  18:00  Marauder x3, Marine  
  181  18:01  Marine x8  
  199  18:08  Marine  
Show
View Real Time Build Order
Export as new Build Order

dallaskuken Protoss 

Build Orders: 1 Gate Expand 

Get SALT Encoding   

  12  0:01  Probe (Chrono Boost)  
  13  0:13  Pylon  
  13  0:18  Probe (Chrono Boost)  
  14  0:29  Probe (Chrono Boost)  
  15  0:37  Gateway  
  15  0:39  Probe (Chrono Boost)  
  16  0:50  Probe (Chrono Boost)  
  17  1:00  Probe (Chrono Boost)  
  18  1:14  Nexus  
  18  1:20  Pylon  
  18  1:27  Probe (Chrono Boost)  
  19  1:36  Cybernetics Core  
  19  1:37  Probe (Chrono Boost)  
  20  1:45  Assimilator  
  20  1:48  Probe (Chrono Boost)  
  20  1:50  Assimilator  
  21  1:58  Probe (Chrono Boost)  
  22  2:09  Probe (Chrono Boost)  
  22  2:18  Adept  
  24  2:27  Probe x2 (Chrono Boost)  
  26  2:33  Forge  
  26  2:37  Probe (Chrono Boost)  
  26  2:39  Pylon  
  28  2:45  Probe (Chrono Boost)  
  28  2:48  Warp Gate, Probe (Chrono Boost)  
  29  2:57  Probe (Chrono Boost)  
  30  2:58  Probe (Chrono Boost)  
  31  3:06  Gateway  
  31  3:11  Gateway  
  31  3:12  Probe (Chrono Boost)  
  32  3:23  Stargate  
  32  3:24  Probe (Chrono Boost)  
  33  3:29  Photon Cannon  
  33  3:35  Stalker  
  33  3:40  Probe (Chrono Boost)  
  36  3:51  Probe (Chrono Boost)  
  36  3:52  Mothership Core (Chrono Boost)  
  39  3:59  Assimilator  
  39  4:01  Probe (Chrono Boost)  
  40  4:04  Assimilator  
  40  4:12  Probe x2 (Chrono Boost)  
  40  4:13  Stalker  
  40  4:14  Pylon  
  44  4:19  Pylon  
  44  4:22  Probe (Chrono Boost)  
  45  4:33  Probe (Chrono Boost)  
  45  4:38  Robotics Facility  
  46  4:42  Probe (Chrono Boost)  
  46  4:43  Probe (Chrono Boost)  
  49  4:54  Probe x2 (Chrono Boost)  
  49  4:57  Oracle  
  49  4:58  Adept x2  
  49  4:59  Adept  
  56  5:04  Probe (Chrono Boost)  
  60  5:12  Probe (Chrono Boost)  
  61  5:15  Probe (Chrono Boost)  
  62  5:22  Photon Cannon  
  62  5:24  Probe (Chrono Boost)  
  62  5:25  Probe (Chrono Boost)  
  62  5:26  Photon Cannon  
  62  5:28  Gateway  
  64  5:30  Gateway  
  64  5:31  Observer  
  65  5:42  Stalker x2  
  69  5:50  Pylon  
  69  5:52  Pylon  
  69  5:54  Pylon  
  69  5:56  Pylon  
  66  6:07  Probe (Chrono Boost)  
  66  6:10  Immortal  
  71  6:12  Stalker x3  
  56  6:51  Stalker  
  56  6:52  Stalker x2  
  58  7:03  Pylon  
  58  7:04  Warp Prism  
  58  7:05  Pylon  
  60  7:17  Stalker  
  60  7:18  Stalker x2  
  66  7:24  Void Ray  
  66  7:29  Protoss Ground Weapons Level 1  
  70  7:31  Stalker  
  70  7:32  Stalker  
  74  8:05  Gateway  
  74  8:09  Zealot  
  74  8:10  Gateway x2, Zealot x4  
  74  8:39  Stalker x3  
  74  8:40  Stalker x2, Immortal  
  88  8:42  Void Ray  
  92  9:06  Robotics Bay  
  92  9:16  Zealot  
  94  9:17  Zealot x4  
  102  9:24  Nexus  
  102  9:26  Pylon  
  102  9:27  Pylon  
  102  9:36  Pylon  
  102  9:41  Pylon  
  100  10:37  Zealot x5  
  104  10:47  Void Ray  
  104  10:57  Robotics Facility  
  104  10:58  Stalker x2  
  107  11:13  Probe (Chrono Boost)  
  108  11:23  Probe (Chrono Boost)  
  108  11:24  Zealot  
  108  11:25  Zealot x4  
  119  11:30  Stalker x3  
  125  11:34  Probe (Chrono Boost)  
  125  11:36  Void Ray  
  130  11:51  Sentry x2  
  130  11:52  Sentry x2  
  136  11:55  Protoss Ground Armor Level 1  
  136  11:57  Observer  
  137  12:01  Stalker x2  
  137  12:02  Stalker x2  
  148  12:27  Stalker  
  148  12:28  Stalker x3  
  98  12:40  Stalker x4  
  75  12:57  Zealot x3  
  75  12:58  Zealot  
  71  13:10  Stalker x4  
  75  13:14  Probe (Chrono Boost)  
  75  13:16  Assimilator  
  72  13:20  Assimilator  
  72  13:24  Probe (Chrono Boost)  
  73  13:33  Stalker x2  
  77  13:34  Stalker x2  
  78  13:59  Pylon  
  78  14:00  Stalker x4  
  78  14:01  Stalker x2  
  90  14:14  Twilight Council  
  90  14:15  Void Ray  
  94  14:18  Robotics Facility  
  94  14:27  Zealot x2  
  94  14:28  Zealot x4  
  94  14:29  Zealot x2  
  110  14:48  Stalker x3  
  110  14:49  Stalker x2  
  108  15:06  Protoss Ground Weapons Level 2  
  94  15:24  Dark Shrine  
  96  15:29  Immortal  
  96  15:33  Stalker x2  
  96  15:34  Stalker x2  
  106  15:55  Nexus  
  105  16:08  Disruptor  
  108  16:19  Void Ray  
  102  17:07  Nexus  
  102  17:09  Pylon  
  102  17:11  Pylon  
  102  17:14  Stalker x4  
  91  18:04  Stalker x5  
  91  18:05  Stalker  
  95  18:13  Sentry x2  
  89  18:28  Zealot x2  
  70  18:37  Stalker  
Tags
 
Add a new tag
Caveats
  • Supply blocks, unpowered buildings, or Contaminate may cause inaccurate times.
  • Supply counts are checked every 10 seconds.